Map: Dusk Towers

Players

control

  • Race: Terran Terran
  • League: Master

Miszu - Winner!

  • Race: Terran Terran
  • League: Master

VOD

Have the link to the VOD?

Description

Time

  • Played on: April 19, 2016, 12:21 p.m.
  • Length: 7:39
Show
View Real Time Build Order
Export as new Build Order

control Terran 

Build Orders: 1/1/1 

Get SALT Encoding   

  12  0:01  SCV  
  13  0:13  SCV  
  14  0:17  Supply Depot  
  14  0:25  SCV  
  15  0:39  SCV  
  15  0:41  Barracks  
  16  0:44  Refinery  
  16  0:51  SCV  
  16  0:52  Refinery  
  17  1:05  SCV  
  18  1:17  SCV  
  19  1:28  Marine  
  19  1:30  Orbital Command  
  20  1:38  Factory  
  20  1:50  Supply Depot  
  20  1:51  Barracks Reactor  
  20  1:56  SCV  
  21  2:08  SCV  
  22  2:20  SCV  
  22  2:22  Hellion  
  25  2:24  Starport  
  25  2:28  Marine x2  
  27  2:32  SCV  
  28  2:40  Supply Depot  
  28  2:45  SCV  
  28  2:47  Widow Mine  
  31  3:01  Marine x2, Medivac, SCV  
  36  3:09  Supply Depot  
  36  3:14  SCV  
  36  3:18  Factory Tech Lab  
  36  3:19  Marine x2  
  39  3:30  SCV  
  39  3:31  Viking  
  42  3:37  Siege Tank  
  42  3:40  Marine x2  
  47  3:48  Supply Depot  
  47  4:04  Starport Tech Lab  
  47  4:10  Marine x2, SCV  
  47  4:16  Command Center  
  50  4:22  SCV  
  51  4:24  Raven  
  53  4:33  Supply Depot  
  53  4:34  SCV  
  52  4:46  SCV  
  53  5:02  SCV  
  53  5:04  Marine  
  53  5:06  Stimpack  
  55  5:07  Barracks  
  55  5:14  SCV  
  56  5:18  Medivac  
  56  5:19  Siege Tank  
  61  5:22  Marine  
  61  5:23  Supply Depot  
  61  5:26  SCV  
  63  5:38  SCV  
  63  5:39  Orbital Command  
  64  5:53  Medivac  
  63  6:08  Marine x3  
  63  6:09  Siege Tank  
  60  6:42  SCV  
  60  6:45  Marine  
  60  6:46  Marine x2, Siege Tank  
  67  6:53  Command Center  
  67  6:55  SCV  
  68  7:03  Marine x2  
  70  7:13  SCV  
Show
View Real Time Build Order
Export as new Build Order

Miszu Terran - Winner!

Build Orders: 1/1/1 

Get SALT Encoding   

  12  0:01  SCV  
  13  0:13  SCV  
  14  0:18  Supply Depot  
  14  0:25  SCV  
  15  0:40  SCV  
  15  0:42  Barracks  
  16  0:43  Refinery  
  16  0:52  Refinery, SCV  
  17  1:04  SCV  
  18  1:16  SCV  
  19  1:30  Marine  
  19  1:31  Orbital Command  
  20  1:37  Factory  
  20  1:48  Marine  
  20  1:53  Supply Depot  
  21  1:57  SCV  
  22  2:06  Barracks Reactor  
  22  2:09  SCV  
  23  2:21  Starport, SCV  
  24  2:26  Hellion  
  26  2:34  Supply Depot, SCV  
  27  2:42  Marine x2  
  29  2:46  SCV  
  29  2:47  Factory Tech Lab  
  30  2:56  Supply Depot  
  30  2:59  SCV  
  31  3:10  Marine  
  31  3:11  Marine  
  33  3:14  Raven  
  35  3:22  SCV, Factory Tech Lab  
  35  3:25  Supply Depot  
  36  3:29  Marine x2  
  38  3:34  SCV  
  39  3:41  Siege Tank  
  42  3:52  SCV  
  43  3:57  Medivac  
  45  4:05  SCV  
  45  4:08  Marine x2  
  48  4:15  Siege Tank  
  51  4:20  SCV  
  52  4:28  Command Center  
  52  4:33  Medivac  
  52  4:34  Marine  
  55  4:52  Supply Depot  
  55  4:55  Factory Tech Lab  
  55  5:02  Barracks  
  55  5:06  Barracks  
  56  5:14  SCV  
  56  5:15  Marine  
  56  5:16  Stimpack  
  56  5:19  Siege Tank  
  60  5:23  Supply Depot  
  60  5:26  SCV  
  60  5:27  Starport Reactor  
  61  5:32  Engineering Bay  
  61  5:36  Marine  
  61  5:38  SCV  
  61  5:42  Orbital Command  
  63  6:00  Marine  
  63  6:01  Marine  
  63  6:02  Barracks Reactor, Marine  
  63  6:04  Medivac x2  
  70  6:18  Marine  
  71  6:19  Marine, Siege Tank  
  71  6:20  Marine, SCV  
  72  6:35  Marine  
  72  6:36  Marine  
  72  6:38  Marine  
  74  6:42  Marine x2  
  74  6:44  SCV x2  
  76  6:51  Refinery  
  76  6:52  Supply Depot  
  76  6:53  Marine  
  77  6:54  Marine  
  77  6:55  Marine  
  77  6:56  SCV  
  77  6:57  Medivac  
  77  7:00  Marine x2, SCV  
  85  7:07  Supply Depot  
  85  7:08  SCV  
  86  7:13  Marine x3, SCV  
  90  7:18  Marine  
  90  7:20  SCV  
Tags
 
Add a new tag
Caveats
  • Supply blocks, unpowered buildings, or Contaminate may cause inaccurate times.
  • Supply counts are checked every 10 seconds.